 Seeded DCSS version 0.30.1-4-g462c640d31 (webtiles) character file.

Game seed: 1882581695637917331 (custom seed)

320 Psyclone the Conjurer (level 6, 0/36 HPs)
             Began as an Octopode Conjurer on Sept 19, 2023.
             Slain by an orc priest
             ... wielding a +0 flail
              (7 damage)
             ... on level 7 of the Dungeon.
             The game lasted 00:05:53 (3113 turns).

Psyclone the Conjurer (Octopode Conjurer)           Turns: 3113, Time: 00:05:54

Health: 0/36       AC:  1    Str:  7    XL:     6   Next: 46%
Magic:  1/9        EV: 13    Int: 22    God:
Gold:   156        SH:  0    Dex: 10    Spells: 6/9 levels left

rFire   . . .        a - +2 dagger (speed)
rCold   . . .        (no shield)
rNeg    . . .        (helmet restricted)
rPois   .            b - amulet of magic regeneration
rElec   .            (no ring)
rCorr   .            (no ring)
SInv    .            (no ring)
Will    .....        (no ring)
Stlth   +++          (no ring)
HPRegen 0.26/turn    (no ring)
MPRegen 0.51/turn    (no ring)
                     (no ring)

%: no passive effects
@: no status effects
A: almost no armour, amphibious, 8 rings, camouflage 1, gelatinous body 1,
(nimble swimmer 1), tentacles
a: no special abilities


You were on level 7 of the Dungeon.
You visited 1 branch of the dungeon, and saw 5 of its levels.

You collected 156 gold pieces.

Inventory:

Hand Weapons
 a - a +2 dagger of speed (weapon)
Jewellery
 b - an amulet of magic regeneration (around mantle)
Wands
 l - a wand of iceblast (8)
Scrolls
 c - 4 scrolls of identify {@r1}
 d - 3 scrolls of amnesia
 f - 2 scrolls of poison
 g - a scroll of magic mapping
 h - a scroll of acquirement {unknown}
 k - a scroll of blinking
 o - a scroll of brand weapon {unknown}
Potions
 e - a potion of might {unknown}
 i - a potion of haste {unknown}
 j - a potion of magic
 m - a potion of experience {unknown}
 n - a potion of ambrosia


   Skills:
 - Level 2.0 Dodging
 - Level 2.6 Stealth
 - Level 2.0 Spellcasting
 + Level 7.6 Conjurations


You had 6 spell levels left.
You knew the following spells:

 Your Spells              Type           Power      Damage    Failure   Level
a - Magic Dart            Conj           100%       1d8       1%          1
b - Searing Ray           Conj           70%        2d7       1%          2

Your spell library contained the following spells:

 Spells                   Type           Power      Damage    Failure   Level
 Dazzling Flash           Conj/Hex       36%        N/A       9%          3
 Fulminant Prism          Conj/Hex       9%         3d7       28%         4
 Iskenderun's Mystic Bla  Conj/Tloc      18%        2d6       28%         4
 Tukima's Dance           Hex            2%         N/A       38%         3
 Passage of Golubria      Tloc           2%         N/A       80%         4
 Yara's Violent Unravell  Hex/Tmut       1%         3d3       98%         5


Dungeon Overview and Level Annotations

Branches:
Dungeon (4/15) Zot: 26897  Temple (0/1) D:7

Altars:
Wu Jian


Innate Abilities, Weirdness & Mutations

You cannot wear most types of armour.
You are amphibious.
You can wear up to eight rings at the same time.
Your skin changes colour to match your surroundings (Stealth+).
Your rubbery body absorbs attacks. (AC +1, EV +1)
((You are camouflaged when in or above water. (Stealth+)))
You have tentacles for arms and can constrict up to eight enemies at once.


Message History

The orc priest is moderately wounded.
The orc priest hits you with a +0 flail.
You take 2 damage, and have 28/36 hp.
You now have 3/9 mp.
The searing ray hits the orc priest but does no damage.
The orc priest is moderately wounded.
The orc priest closely misses you.
The searing ray hits the orc priest.
The orc priest is severely wounded.
You finish channelling your searing ray.
The orc priest calls down the wrath of Beogh upon you.
Beogh smites you!
You take 11 damage, and have 18/36 hp.
MASSIVE DAMAGE!!
You now have 2/9 mp.
Casting: Searing Ray (safe; 1% risk of failure)
Confirm with . or Enter, or press ? or * to list all spells.
Aiming: Searing Ray (safe; 1% risk of failure)
Press: ? - help, Shift-Dir - straight line, f - orc priest
Aim: an orc priest, wielding a +0 flail and wearing a +0 scale mail (severely wounded, 83% to hit)
The searing ray hits the orc priest but does no damage.
The orc priest is severely wounded. (Press . to maintain the ray.)
The orc priest hits you with a +0 flail.
You take 3 damage, and have 15/36 hp.
You now have 1/9 mp.
The searing ray hits the orc priest.
The orc priest is almost dead.
The orc priest looks satisfied for a moment.
You now have 0/9 mp.
Without enough magic to sustain it, your searing ray dissipates.
The orc priest hits you with a +0 flail!
* * * LOW HITPOINT WARNING * * *
You take 8 damage, and have 7/36 hp.
MASSIVE DAMAGE!!
You hit the orc priest but do no damage.
You grab the orc priest.
The orc priest is almost dead.
You constrict the orc priest, but do no damage.
You hit the orc priest but do no damage.
You squeeze the orc priest.
The orc priest is almost dead.
You constrict the orc priest, but do no damage.
The orc priest hits you with a +0 flail!
You die...

#.# *,,,.....#..# #.#
*,*##.##*#.## #.# *,*
#.####.## #.# *,*
#........ #.# *,*
######.#. #.# *,**
#.#. #.# *,,*#****#.#.
#.# **,...,,,,..#.
#@###.....****###.
*#.o)).....,* #.
*#.#.~≈)~~~~,* #.
*#>#..≈##.##≈,*****#.
*#.###.~#,,.#~,,**,,..
#.#**..~#,∩,*~,,,,,***
##,**..≈#,,,*~,***,*
**,*..~#****~,* *,*
**...~≈~~~~~,* *,*


You could see an orc priest.

Vanquished Creatures
  A phantom (D:4)
  An orc priest (D:4)
  Ijyb (D:3)
  Terence (D:3)
  2 orc wizards
  5 adders
  A white imp (D:7)
  2 dart slugs
  4 orcs
  4 bats
  5 endoplasms
  7 goblins
  7 hobgoblins
  2 jackals (D:3)
  7 kobolds
  2 quokkas
  A ball python (D:2)
  2 frilled lizards (D:2)
  6 rats
61 creatures vanquished.

Notes
Turn   | Place    | Note
-------+----------+-------------------------------------------
     0 | D:1      | Psyclone the Octopode Conjurer began the quest for the Orb.
     0 | D:1      | Reached XP level 1. HP: 11/11 MP: 3/3
   329 | D:1      | Reached XP level 2. HP: 17/17 MP: 5/5
  1076 | D:2      | Reached XP level 3. HP: 14/21 MP: 6/6
  1079 | D:2      | Learned a level 2 spell: Searing Ray
  1132 | D:2      | Reached skill level 5 in Conjurations
  2137 | D:3      | Reached XP level 4. HP: 25/27 MP: 7/7
  2154 | D:3      | Noticed Terence
  2169 | D:3      | Killed Terence
  2402 | D:3      | Noticed Ijyb
  2420 | D:3      | Killed Ijyb
  2421 | D:3      | Reached skill level 6 in Conjurations
  2421 | D:3      | Reached XP level 5. HP: 12/31 MP: 2/8
  2602 | D:3      | Found an ornate altar of the Wu Jian Council.
  2971 | D:4      | Noticed a phantom
  2978 | D:4      | Killed a phantom
  2979 | D:4      | Reached skill level 7 in Conjurations
  2979 | D:4      | Reached XP level 6. HP: 34/36 MP: 4/9
  3017 | D:4      | You fall into a shaft and drop 3 floors!
  3113 | D:7      | Slain by an orc priest

Illustrated notes

Levels and vault maps discovered:
D:1:      dpeg_arrival_erosion, layout_basic
D:2:      layout_basic, minmay_tripent
D:3:      layout_loops_ring, nicolae_wu_jian_wuxing_cycle, serial_bayou_pond_d,
          uniq_ijyb, uniq_terence
D:4:      layout_basic, lemuel_round_altar, kennysheep_slug_shrine,
          minmay_misc_feat_hallway, nicolae_kite_square_tiling_tiny
D:7:      layout_loops_ring, old_standard_altar, temple_green, enter_bailey_3,
          serial_park_tiny_2, uniq_maggie

Skill      XL: |  1  2  3  4  5 |
---------------+----------------+-----
Conjurations   | 5 6 7 |  7.6
Dodging        | |  2.0
Stealth        | |  2.6
Spellcasting   | |  2.0

Action                     |  1- 3 |  4- 6 || total
---------------------------+-------+-------++-------
  Melee: Whip              |    23 |       ||    23
         Tentacles         |     6 |     8 ||    14
         Constrict         |     7 |     5 ||    12
         Dagger            |     5 |    28 ||    33
   Cast: Magic Dart        |    32 |    42 ||    74
         Searing Ray       |       |     9 ||     9
    Use: Scroll            |     7 |     1 ||     8
         Potion            |     5 |       ||     5
   Stab: Sleeping          |     6 |     2 ||     8
 Armour: Skin              |     2 |     2 ||     4
  Dodge: Dodged            |    11 |    25 ||    36
